 Dungeon Crawl Stone Soup version 0.22-a0-521-gb1378044ac (webtiles) character file.

71592 D1HalberdGnoll the Fencer (level 14, -15/115 HPs)
             Began as a Demonspawn Berserker on June 20, 2018.
             Was the Champion of Trog.
             Killed from afar by a fire giant (53 damage)
             ... with a bolt of fire
             ... on level 13 of the Dungeon.
             The game lasted 00:36:24 (20329 turns).

D1HalberdGnoll the Fencer (Demonspawn Berserker)   Turns: 20329, Time: 00:36:24

Health: -15/115    AC: 32    Str: 19    XL:     14   Next: 98%
Magic:  14/14      EV: 16    Int: 11    God:    Trog [******]
Gold:   1706       SH:  6    Dex: 19    Spells: 13/13 levels left

rFire    . . .     SeeInvis +   O - +3 double sword (slice)
rCold    . . .     Gourm    .   p - +0 buckler
rNeg     . . .     Faith    .   L - +5 plate armour of Beauty {*Slow rElec rPois Dex+7}
rPois    +         Spirit   .   (helmet unavailable)
rElec    +         Reflect  .   n - +0 cloak
rCorr    +         Harm     .   (no gloves)
MR       +....                  Q - +0 pair of boots
Stlth    ..........             k - amulet of regeneration
HPRegen  0.69/turn              e - ring of resist corrosion
MPRegen  0.14/turn              w - +3 ring of evasion

@: sanguine armour, very slightly contaminated
A: antennae 3, claws 1, demonic guardian 2, nightstalker 1, weak 1, sanguine
armour 2
a: Berserk, Trog's Hand, Brothers in Arms, Renounce Religion


You were on level 13 of the Dungeon.
You worshipped Trog.
Trog was exalted by your worship.
You were not hungry.

You visited 2 branches of the dungeon, and saw 19 of its levels.
You also visited: Sewer.

You collected 1916 gold pieces.
You spent 210 gold pieces at shops.

Inventory:

Hand Weapons
 O - a +3 double sword of slicing (weapon)
Armour
 n - a +0 cloak (worn)
 p - a +0 buckler (worn)
 L - the +5 plate armour of Beauty (worn) {*Slow rElec rPois Dex+7}
   (You took it off a red devil on level 6 of the Lair of Beasts)

   It affects your dexterity (+7).
   It insulates you from electricity.
   It protects you from poison.
   It may slow you when you take damage.
 Q - a +0 pair of boots (worn)
Jewellery
 e - a ring of resist corrosion (left claw)
 k - an amulet of regeneration (around neck)
 v - an uncursed ring of protection from magic
 w - a +3 ring of evasion (right claw)
Wands
 r - a wand of iceblast (5)
 u - a wand of acid (17)
 A - a wand of scattershot (5)
 C - a wand of paralysis (17)
 D - a wand of enslavement (15)
 G - a wand of polymorph (20)
 J - a wand of digging (8)
 M - a wand of disintegration (20)
 N - a wand of flame (51)
 P - a wand of random effects (37)
Scrolls
 b - 4 scrolls of magic mapping
 h - a scroll of blinking
 i - 13 scrolls of remove curse
 l - 9 scrolls of teleportation
 x - 3 scrolls of immolation
 z - a scroll of brand weapon
 E - 2 scrolls of identify
Potions
 d - 3 potions of flight
 g - 9 potions of heal wounds
 j - 3 potions of lignification {unknown}
 m - 6 potions of curing
 o - 5 potions of berserk rage
 q - 4 potions of agility
 s - 2 potions of ambrosia
 t - 4 potions of cancellation
 B - a potion of might
 F - 2 potions of mutation
 H - 3 potions of brilliance {unknown}
 I - a potion of resistance {unknown}
Miscellaneous
 f - a box of beasts
Comestibles
 c - 24 rations


   Skills:
 + Level 12.2 Fighting
 * Level 15.1 Long Blades
 + Level 11.2 Armour
 + Level 11.1 Dodging
 - Level 4.0 Shields


You had 13 spell levels left.
You didn't know any spells.
Your spell library was empty.

Dungeon Overview and Level Annotations

Branches:
Dungeon (13/15)            Temple (0/1) D:4            Lair (6/6) D:9
 Shoals (0/4) Lair:4        Snake (0/4) Lair:3        Slime (0/5) Lair:5
    Orc (0/2) D:11         Vaults (0/5) D:13

Altars:
Cheibriados
Fedhas
Makhleb
Nemelex Xobeh
Sif Muna
Uskayaw
Vehumet
Xom
Yredelemnul
Zin
Jiyva

Shops:
D:11 !   D:12 *

Portals:
Hell: Lair:6

Annotations:
D:7 exclusion: statue
Lair:4 exclusion: 2 oklob plants


Innate Abilities, Weirdness & Mutations

You have a pair of large antennae on your head. (SInv)
A demonic guardian rushes to your aid.
You are slightly more attuned to the shadows.
When seriously injured, your bleeding wounds create thick armour. (AC +9)
You have sharp fingernails.
You are weak. (Str -2)


Message History

The bolt of fire hits you!
* * * LOW HITPOINT WARNING * * *
Blink to where?
Press: ? - help, Dir - move target cursor You are very lightly contaminated with residual magic.
As you read the scroll of blinking, it crumbles to dust.
The fire giant casts a spell at you. The bolt of fire hits your sixfirhy.
Your sixfirhy dies!
The bolt of fire misses you.
You feel much better.
The fire giant gestures at you while chanting.
The bolt of fire hits you!
* * * LOW HITPOINT WARNING * * *
You feel much better.
The tengu reaver casts a spell.
The tengu reaver conjures a globe of magical energy!
The fire giant points at you and mumbles some strange words.
The bolt of fire hits you!
You die...

#.#........ #.?........
##......... #...##.##.
#...##.##[ ########..###.###
#####..........##....
##########)..#..........###...
#............@....())...# #...
#.########.#.#....()(.[.# #(..
#.# ##.##......(((...# #... #.#
##.##..#....(.((..# #.÷.
#.#####.##§.###.######(.# #.)<
#...(..##C.##.##.## ##..###.).
#.###.##*Q##...##.###...(>...#
#.##.##..##..#..##...........#
##.#.##..##..###..##..........#


You could see a fire giant, a tengu reaver and a battlesphere.

Vanquished Creatures
  Gastronok (D:9)
  A tengu reaver (D:13)
  Snorg (D:12)
  5 vault guards (D:13)
  4 hydras
  2 centaur warriors (D:13)
  11 death yaks
  A catoblepas (D:13)
  Urug (D:13)
  A sixfirhy (Lair:6)
  3 skeletal warriors (D:10)
  A wizard (Lair:6)
  3 ugly things
  A manticore (Lair:4)
  2 deep elf magi (D:13)
  4 cyclopes
  12 elephants (Lair:6)
  Maurice (D:11)
  A smoke demon (Lair:6)
  4 black mambas
  A gargoyle (D:10)
  12 spiny frogs
  An orange demon (Lair:6)
  4 rime drakes (Lair:6)
  5 komodo dragons
  An efreet (D:13)
  3 ice devils (Lair:6)
  10 trolls
  2 red devils (Lair:6)
  A meliai (shapeshifter) (D:10)
  2 hornets
  A wind drake (shapeshifter) (D:13)
  Grinder (D:5)
  2 polar bears
  3 slime creatures (D:13)
  15 blink frogs
  5 hippogriffs
  A spriggan (D:10)
  A shadow (D:11)
  4 wyverns
  3 basilisks
  2 wraiths
  35 yaks
  Grum (D:11)
  A hungry ghost (D:10)
  2 vampire mosquitoes (D:12)
  2 wargs (D:9)
  Duvessa (D:7)
  3 hell hounds (Lair:6)
  A soldier ant (D:12)
  14 water moccasins
  7 porcupines
  13 orc warriors
  An eye of draining (D:8)
  3 black bears
  A necrophage (D:7)
  3 ogres
  A phantom (D:10)
  15 centaurs
  3 wolves (D:11)
  19 crocodiles
  3 big kobolds
  15 bullfrogs
  A gnoll sergeant (D:9)
  Dowan (D:7)
  4 scorpions
  4 killer bees (D:11)
  5 wights
  6 howler monkeys
  3 centaur zombies
  3 crimson imps
  8 hounds
  2 jellies
  2 bullfrog zombies
  8 orc priests
  11 orc wizards
  4 centaur skeletons
  An iguana (D:8)
  6 worker ants
  A killer bee zombie (D:6)
  A hound zombie (D:11)
  8 gnolls
  16 adders
  8 shadow imps
  12 white imps (Lair:6)
  2 oozes
  3 adder skeletons
  2 worms (D:3)
  A dart slug (D:1)
  6 leopard geckos
  51 orcs
  10 bats
  12 giant cockroaches
  29 hobgoblins
  6 jackals
  16 kobolds
  2 quokkas
  5 ball pythons
  14 frilled lizards
  29 goblins
  A leopard gecko skeleton (D:4)
  4 rats
  A fungus (Lair:6)
593 creatures vanquished.

Vanquished Creatures (collateral kills)
  Frances (D:13)
  3 hydras
  3 vault guards (D:13)
  2 unseen horrors (D:13)
  A cyclops (D:11)
  A centaur zombie (D:13)
  3 elephants (Lair:6)
  A black mamba (Lair:2)
  A spiny frog (Lair:4)
  A komodo dragon (Lair:4)
  3 blink frogs
  A dream sheep (Lair:6)
  2 wyverns
  5 yaks
  A basilisk (Lair:6)
  Edmund (D:6)
  A hell hound (Lair:6)
  A phantom (D:4)
  2 big kobolds (D:5)
  2 bullfrogs
  A scorpion (D:7)
  A killer bee (D:11)
  2 howler monkeys (D:8)
  A wight (D:13)
  A crimson imp (D:13)
  2 bullfrog skeletons
  An orc priest (D:9)
  An iguana (D:4)
  A killer bee zombie (D:8)
  A hound skeleton (D:7)
  3 orcs
  A hobgoblin (D:5)
  A quokka (D:10)
  2 frilled lizards (D:4)
  6 kobolds
61 creatures vanquished.

Vanquished Creatures (others)
  An orc wizard (D:8)
  An orc (D:8)
  3 fungi
  2 plants
7 creatures vanquished.

Grand Total: 661 creatures vanquished

Notes
Turn   | Place    | Note
-------+----------+-------------------------------------------
     0 | D:1      | D1HalberdGnoll the Demonspawn Berserker began the quest for the Orb.
     0 | D:1      | Reached XP level 1. HP: 18/18 MP: 1/1
   227 | D:1      | Gained mutation: You have a pair of small antennae on your head. [demonic ancestry]
   227 | D:1      | Reached XP level 2. HP: 22/24 MP: 2/2
   260 | D:1      | Reached skill level 3 in Long Blades
   918 | D:2      | Reached XP level 3. HP: 29/29 MP: 3/3
   940 | D:2      | Reached ** piety under Trog
  1703 | D:3      | Found a glowing drain.
  1720 | D:3      | Gained mutation: A weak demonic guardian rushes to your aid. [demonic ancestry]
  1720 | D:3      | Reached XP level 4. HP: 35/35 MP: 4/4
  1762 | Sewer    | Entered a sewer
  2024 | Sewer    | Noticed a bullfrog
  2029 | Sewer    | Killed a bullfrog
  2062 | D:3      | Reached XP level 5. HP: 42/42 MP: 5/5
  2124 | D:3      | Reached *** piety under Trog
  2124 | D:3      | Reached skill level 4 in Long Blades
  2938 | D:4      | Found a staircase to the Ecumenical Temple.
  3184 | D:4      | Noticed a phantom
  3208 | D:4      | Killed a phantom
  3208 | D:4      | Gained mutation: You have a pair of antennae on your head. [demonic ancestry]
  3208 | D:4      | Reached XP level 6. HP: 22/48 MP: 6/6
  3853 | D:4      | Found a snail-covered altar of Cheibriados.
  4079 | D:5      | Entered Level 5 of the Dungeon
  4086 | D:5      | Noticed Grinder
  4102 | D:5      | Killed Grinder
  4102 | D:5      | Reached skill level 5 in Long Blades
  4211 | D:5      | Reached XP level 7. HP: 45/55 MP: 7/7
  4770 | D:5      | Reached **** piety under Trog
  5792 | D:6      | Reached skill level 5 in Fighting
  5792 | D:6      | Reached skill level 6 in Long Blades
  5792 | D:6      | Gained mutation: When seriously injured, your bleeding wounds create armour. (AC +9) [demonic ancestry]
  5792 | D:6      | Reached XP level 8. HP: 48/62 MP: 8/8
  6142 | D:6      | Noticed Edmund
  6150 | D:6      | Killed Edmund
  6260 | D:6      | Got a scorched scale mail
  6271 | D:6      | Identified the +2 scale mail of Xevicku {Int-3 Dex+6 Slay+2} (You found it on level 6 of the Dungeon)
  6436 | D:7      | Noticed Dowan
  6437 | D:7      | Noticed Duvessa
  6443 | D:7      | Killed Duvessa
  6445 | D:7      | Killed Dowan
  6451 | D:7      | Reached skill level 1 in Shields
  6655 | D:7      | Found a radiant altar of Vehumet.
  6828 | D:7      | Reached skill level 7 in Long Blades
  6868 | D:7      | Gained mutation: You are slightly more attuned to the shadows. [demonic ancestry]
  6868 | D:7      | Reached XP level 9. HP: 69/69 MP: 9/9
  6876 | D:7      | Reached skill level 5 in Armour
  6879 | D:7      | Reached skill level 5 in Dodging
  7161 | D:7      | Found a shimmering altar of Xom.
  7188 | D:7      | Found a blossoming altar of Fedhas.
  7234 | D:7      | Found a burning altar of Makhleb.
  7299 | D:7      | Found a hide-covered altar of Uskayaw.
  7315 | D:7      | Found a basalt altar of Yredelemnul.
  7414 | D:8      | Got a pitted lapis lazuli ring
  7417 | D:8      | Identified the cursed ring of Reikoell {rPois rF- rN+ Str-4} (You found it on level 8 of the Dungeon)
  7971 | D:9      | Noticed Gastronok
  7994 | D:9      | Killed Gastronok
  7994 | D:9      | Reached skill level 8 in Long Blades
  7994 | D:9      | Gained mutation: When seriously injured, your bleeding wounds create thick armour. (AC +9) [demonic ancestry]
  7994 | D:9      | Reached XP level 10. HP: 77/77 MP: 10/10
  8138 | D:9      | Reached skill level 9 in Long Blades
  8162 | D:9      | Found a staircase to the Lair.
  8359 | D:9      | Reached ***** piety under Trog
  8667 | D:9      | Found a glowing silver altar of Zin.
  8689 | D:9      | Found a sparkling altar of Nemelex Xobeh.
  9031 | D:10     | Entered Level 10 of the Dungeon
  9031 | D:10     | Noticed a gargoyle
  9047 | D:10     | Killed a gargoyle
  9195 | D:10     | Reached skill level 10 in Long Blades
  9195 | D:10     | Reached XP level 11. HP: 81/86 MP: 11/11
  9245 | D:10     | Noticed a skeletal warrior
  9245 | D:10     | Noticed a skeletal warrior
  9250 | D:10     | Gained mutation: You are weak. (Str -2) [potion of mutation]
  9250 | D:10     | Gained mutation: You have sharp fingernails. [potion of mutation]
  9272 | D:10     | Killed a skeletal warrior
  9388 | D:10     | Killed a skeletal warrior
  9443 | D:10     | Noticed a skeletal warrior
  9457 | D:10     | Killed a skeletal warrior
 10429 | Lair:1   | Entered Level 1 of the Lair of Beasts
 11031 | Lair:1   | Reached skill level 11 in Long Blades
 11528 | Lair:2   | Noticed a death yak
 11528 | Lair:2   | Noticed a death yak
 11528 | Lair:2   | Noticed a death yak
 11528 | Lair:2   | Noticed a death yak
 11528 | Lair:2   | Noticed a death yak
 11538 | Lair:1   | Killed a death yak
 11591 | Lair:2   | Reached XP level 12. HP: 72/95 MP: 12/12
 11847 | Lair:2   | Killed a death yak
 12095 | Lair:2   | Killed a death yak
 12103 | Lair:2   | Killed a death yak
 12103 | Lair:2   | Reached skill level 12 in Long Blades
 12110 | Lair:2   | Killed a death yak
 12932 | Lair:3   | Found a staircase to the Snake Pit.
 12944 | Lair:3   | Reached skill level 10 in Fighting
 14038 | Lair:4   | Noticed a death yak
 14039 | Lair:4   | Noticed a death yak
 14039 | Lair:4   | Noticed a death yak
 14039 | Lair:4   | Noticed a death yak
 14081 | Lair:4   | Killed a death yak
 14083 | Lair:4   | Noticed a death yak
 14086 | Lair:4   | Noticed a death yak
 14088 | Lair:4   | Killed a death yak
 14093 | Lair:4   | Killed a death yak
 14093 | Lair:4   | Gained mutation: A demonic guardian rushes to your aid. [demonic ancestry]
 14093 | Lair:4   | Reached XP level 13. HP: 101/103 MP: 13/13
 14237 | Lair:4   | Reached skill level 13 in Long Blades
 14377 | Lair:4   | Found a staircase to the Shoals.
 14755 | Lair:5   | Identified a scroll of acquirement
 15182 | Lair:5   | Found a staircase to the Slime Pits.
 15184 | Lair:5   | Found a viscous altar of Jiyva.
 15583 | Lair:6   | Entered Level 6 of the Lair of Beasts
 15909 | Lair:6   | Reached skill level 10 in Armour
 15917 | Lair:6   | Reached skill level 10 in Dodging
 15927 | Lair:6   | Received a gift from Trog
 15947 | Lair:6   | Reached ****** piety under Trog
 16246 | Lair:6   | Gained mutation: You have a pair of large antennae on your head. (SInv) [demonic ancestry]
 16246 | Lair:6   | Reached XP level 14. HP: 55/113 MP: 14/14
 16390 | Lair:6   | Reached skill level 14 in Long Blades
 16638 | Lair:6   | Found a burning altar of Makhleb.
 16646 | Lair:6   | Found a gateway to Hell.
 16654 | Lair:6   | Got a transparent plate armour
 16655 | Lair:6   | Identified the +5 plate armour of Beauty {*Slow rElec rPois Dex+7} (You took it off a red devil on level 6 of the Lair of Beasts)
 17632 | D:11     | Noticed Grum
 17642 | D:11     | Killed Grum
 17664 | D:11     | Noticed Maurice
 17687 | D:11     | Killed Maurice
 17822 | D:11     | Found a staircase to the Orcish Mines.
 17824 | D:11     | Received a gift from Trog
 18094 | D:11     | Found a deep blue altar of Sif Muna.
 18247 | D:11     | Found Jonap's Distillery.
 18254 | D:11     | Bought 2 potions of curing for 90 gold pieces
 18254 | D:11     | Bought a potion of ambrosia for 120 gold pieces
 19098 | D:12     | Found Lestrime's Assorted Antiques.
 19365 | D:13     | Found a gate to the Vaults.
 19427 | D:13     | Noticed Snorg
 19610 | D:13     | Noticed a tengu reaver
 19627 | D:13     | Received a gift from Trog
 19644 | D:13     | Noticed Frances
 19658 | D:13     | Killed Frances
 19671 | D:12     | Killed Snorg
 19764 | D:13     | Noticed Urug
 19783 | D:13     | Killed Urug
 19921 | D:13     | Reached skill level 15 in Long Blades
 20054 | D:13     | Found a glowing silver altar of Zin.
 20201 | D:13     | Noticed a fire giant
 20203 | D:13     | Noticed a tengu reaver
 20224 | D:13     | Killed a tengu reaver
 20329 | D:13     | Killed from afar by a fire giant

Vault maps used:
D:1:      matt_arrival_los_fun
D:3:      gup_sewer_entry_glass, kennysheep_generic_room_3
D:4:      cheibriados_altar_1, minmay_temple_entry_poolview, first_ration,
          minmay_lizard_king
D:5:      minmay_goblin_kobold_castle, uniq_grinder
D:6:      uniq_edmund
D:7:      nicolae_overflow_quartered_altars, makhleb_blood_cavern_becter,
          vehumet_statue, uniq_duvessa
D:9:      nemelex_altar_shiori, zin_academy, erik_lair_orcish_takeover,
          uniq_gastronok
D:10:     the_bakery
D:11:     orc_david_3, serial_shops, shop, basic_altar, uniq_maurice, uniq_grum
D:12:     serial_shops, shop
D:13:     erik_vaults_2, basic_altar, minmay_diamond_spiral, uniq_urug,
          uniq_frances, uniq_snorg
Lair:3:   minmay_snake_entry_six_corridors, minivault_24
Lair:4:   minmay_shoals_entry_beasts, minmay_lair_oklob_chamber
Lair:5:   slime_altar_1, nicolae_quartered_pool_little,
          infiniplex_staircase_pool_2
Lair:6:   evil_forest, portal_ice_cave_entry_imps
Sewer:    sewer_frog_island_01

Skill      XL: |  1  2  3  4  5  6  7  8  9 10 11 12 13 14 |
---------------+-------------------------------------------+-----
Long Blades    | 3 4 5 6 7 8 10 11 12 13 15 | 15.1
Armour         | 2 3 4 6 8 9 10 11 | 11.2
Dodging        | 2 3 4 6 8 9 10 11 | 11.1
Fighting       | 4 5 6 7 9 10 11 12 | 12.2
Shields        | 2 3 4 |  4.0

Action                   |  1- 3 |  4- 6 |  7- 9 | 10-12 | 13-15 || total
-------------------------+-------+-------+-------+-------+-------++-------
Melee: Falchion          |   116 |   182 |   262 |       |       ||   560
       Long sword        |       |       |   146 |   287 |       ||   433
       Scimitar          |       |       |       |   354 |   789 ||  1143
       Great sword       |       |       |       |    75 |       ||    75
       Double sword      |       |       |       |       |   128 ||   128
Invok: Berserk           |     2 |     1 |    10 |    17 |     7 ||    37
       Trog's Hand       |       |       |     9 |    16 |     8 ||    33
Evoke: Wand              |       |       |     3 |       |     6 ||     9
       Box of beasts     |       |       |       |       |     1 ||     1
  Use: Scroll            |       |       |    20 |     9 |     7 ||    36
       Potion            |       |       |       |     1 |     2 ||     3
 Stab: Distracted        |       |     1 |     1 |     3 |     4 ||     9
       Paralysed         |       |       |       |       |     3 ||     3
  Eat: Chunk             |     4 |     7 |    20 |    28 |    23 ||    82
       Ration            |       |     1 |     1 |     5 |     3 ||    10
Armor: Ring mail         |    18 |       |       |       |       ||    18
       Chain mail        |    35 |    99 |   129 |       |       ||   263
       Scale mail        |       |       |    38 |   199 |    71 ||   308
       Plate armour      |       |       |       |       |   221 ||   221
Dodge: Dodged            |    73 |    87 |   272 |   465 |   620 ||  1517
Block: Buckler           |       |    15 |    63 |   119 |   223 ||   420
       Rpst.: Falchion   |    20 |    24 |    58 |       |       ||   102
       Long sword        |       |       |    16 |    51 |       ||    67
       Scimitar          |       |       |       |    60 |   125 ||   185
       Great sword       |       |       |       |    14 |       ||    14
       Double sword      |       |       |       |       |    23 ||    23

Table legend:
 A = Spawn XP
 B = Non-spawn XP
 C = Spawn XP percentage of total XP
 D = Spawn monster count
 E = Non-spawn monster count
 F = Spawn count percentage of total count
 G = Total turns spent on level
                    A         B        C        D         E        F      G
               +---------+---------+-------+---------+---------+-------+---------
         Total |       0 |  102275 |   0.0 |       0 |     653 |   0.0 | 20329
               +---------+---------+-------+---------+---------+-------+---------
           D:1 |       0 |      34 |   0.0 |       0 |      20 |   0.0 |   856
           D:2 |       0 |      36 |   0.0 |       0 |      15 |   0.0 |   782
           D:3 |       0 |      99 |   0.0 |       0 |      25 |   0.0 |   967
           D:4 |       0 |     181 |   0.0 |       0 |      14 |   0.0 |  1190
           D:5 |       0 |     846 |   0.0 |       0 |      67 |   0.0 |  1557
           D:6 |       0 |     407 |   0.0 |       0 |       8 |   0.0 |   831
           D:7 |       0 |    1595 |   0.0 |       0 |      37 |   0.0 |   878
           D:8 |       0 |     817 |   0.0 |       0 |      16 |   0.0 |   659
           D:9 |       0 |    5949 |   0.0 |       0 |      56 |   0.0 |  1187
          D:10 |       0 |    5223 |   0.0 |       0 |      36 |   0.0 |  1323
          D:11 |       0 |    7510 |   0.0 |       0 |      45 |   0.0 |   915
          D:12 |       0 |    5814 |   0.0 |       0 |      40 |   0.0 |  1132
          D:13 |       0 |   20941 |   0.0 |       0 |      64 |   0.0 |   794
        Lair:1 |       0 |    6547 |   0.0 |       0 |      27 |   0.0 |  1332
        Lair:2 |       0 |    8088 |   0.0 |       0 |      25 |   0.0 |   895
        Lair:3 |       0 |    4963 |   0.0 |       0 |      30 |   0.0 |  1094
        Lair:4 |       0 |    9665 |   0.0 |       0 |      22 |   0.0 |  1061
        Lair:5 |       0 |    2660 |   0.0 |       0 |      12 |   0.0 |   845
        Lair:6 |       0 |   20818 |   0.0 |       0 |      76 |   0.0 |  1747
         Sewer |       0 |      82 |   0.0 |       0 |      18 |   0.0 |   284
               +---------+---------+-------+---------+---------+-------+---------
